AoeStats
← GEvans7

Fortress

508744237Analyzed
4v4 RM · 8d ago on Sep 23, 2026· 44m 47s· 8 players
Game mode
Random Map
Map size
Huge
Population
200
Speed
Normal
Resources
Standard
Victory
Conquest
Starting age
Dark Age
Ending age
Imperial Age
RankedLock teamsTeams togetherTeam positionsShared explorationLock speedFull tech treeHidden civsTurbo modeCheats
Victory
Defeat
🇺🇸 Danes · United States
824
+17
🇨🇴 Maya · Colombia
823
+17
🇨🇦 Danes · Canada
790
+18
🇬🇧 Cumans · United Kingdom
781
+18
🇯🇵 Maya · Japan
871
-20
🇹🇷 Huns · Türkiye
854
-18
🇫🇷 Persians · France
819
-17
🇬🇧 Lithuanians · United Kingdom
788
-15
Seventh L3tter
0:32 Loom
7:47 Feudal Age
14:53 Castle Age
12:48 Double-Bit Axe
12:47 Horse Collar
13:46 Gold Mining
14:36 Arson
15:09 Scale Mail Armor
16:40 Bow Saw
22:38 Chain Mail Armor
24:39 Forging
24:24 Gambesons
24:40 Squires
28:34 Imperial Age
28:14 Iron Casting
30:05 Plate Mail Armor
33:37 Blast Furnace
35:15 Conscription
39:22 Siege Engineers
39:38 Ballistics
40:20 Chemistry
39:02 Elite Jomsviking
39:05 Hamask
GEvans7
1:53 Loom
8:39 Feudal Age
9:05 Double-Bit Axe
9:26 Horse Collar
14:24 Wheelbarrow
15:48 Gold Mining
19:11 Castle Age
21:20 Bloodlines
21:30 Hand Cart
21:31 Forging
21:26 Scale Barding Armor
22:08 Bow Saw
22:02 Heavy Plow
25:21 Stone Mining
26:13 Chain Barding Armor
27:34 Iron Casting
27:55 Caravan
30:21 Murder Holes
30:38 Masonry
30:53 Fletching
31:48 Gold Shaft Mining
34:29 Imperial Age
31:51 Town Watch
34:31 Cavalier
36:56 Blast Furnace
36:31 Plate Barding Armor
36:55 Paladin
38:48 Two-Man Saw
39:56 Conscription
43:22 Ballistics
42:52 Heated Shot
44:04 Chemistry
43:02 Bodkin Arrow
Paul George
10:33 Feudal Age
14:29 Castle Age
13:18 Double-Bit Axe
18:30 Hamask
20:58 Fervor
21:00 Squires
20:48 Gambesons
21:04 Scale Mail Armor
23:24 Chain Mail Armor
24:46 Stone Mining
24:47 Gold Mining
25:40 Horse Collar
31:41 Imperial Age
29:24 Forging
32:38 Iron Casting
32:36 Scale Barding Armor
32:56 Capped Ram
36:49 Blast Furnace
36:20 Plate Mail Armor
35:37 Arson
35:12 Elite Varangian Guard
36:08 Bow Saw
36:23 Conscription
42:00 Wheelbarrow
42:08 Gold Shaft Mining
42:09 Stone Shaft Mining
41:24 Siege Ram
41:27 Northmen's Fury
42:43 Hoardings
45:15 Chain Barding Armor
44:21 Elite Jomsviking
js.paredesm
9:43 Feudal Age
10:24 Double-Bit Axe
10:21 Horse Collar
16:30 Castle Age
15:18 Fletching
17:39 Bow Saw
17:31 Heavy Plow
17:25 Crossbowman
23:21 Stone Mining
25:02 Treadmill Crane
30:10 Gold Mining
33:29 Imperial Age
32:43 Wheelbarrow
32:45 Stone Shaft Mining
33:08 Padded Archer Armor
34:24 Hand Cart
35:13 Two-Man Saw
34:46 Crop Rotation
35:40 Conscription
35:23 Bodkin Arrow
35:43 Leather Archer Armor
35:54 Ballistics
36:14 Thumb Ring
37:37 Chemistry
37:15 Bracer
37:45 Ring Archer Armor
37:47 Caravan
38:04 Elite Plumed Archer
P Diddy oil
4:26 Loom
8:13 Feudal Age
9:19 Double-Bit Axe
9:15 Horse Collar
10:15 Wheelbarrow
12:49 Castle Age
15:08 Stone Mining
16:05 Bow Saw
23:34 Forging
23:31 Scale Barding Armor
26:20 Heavy Plow
27:24 Husbandry
28:06 Bloodlines
30:42 Imperial Age
28:49 Hand Cart
29:49 Chain Barding Armor
30:06 Iron Casting
30:46 Cavalier
Sylvain MIrouff
6:42 Feudal Age
8:20 Wheelbarrow
7:48 Double-Bit Axe
8:06 Horse Collar
10:08 Stone Mining
10:54 Gold Mining
18:15 Castle Age
16:03 Loom
16:03 Town Watch
19:51 Bow Saw
20:04 Hand Cart
19:54 Heavy Plow
20:47 Stone Shaft Mining
22:49 Gold Shaft Mining
31:50 Town Patrol
Toytatın Şimşeği
8:18 Feudal Age
10:03 Double-Bit Axe
14:21 Castle Age
14:19 Gold Mining
14:14 Horse Collar
15:04 Heavy Plow
16:40 Bow Saw
17:11 Gold Shaft Mining
17:23 Wheelbarrow
22:53 Scale Barding Armor
22:59 Forging
24:24 Bloodlines
24:15 Husbandry
25:11 Hand Cart
26:56 Marauders
29:34 Imperial Age
28:24 Chain Barding Armor
28:40 Iron Casting
31:03 Plate Barding Armor
31:30 Blast Furnace
31:02 Elite Tarkan
36:58 Loom
37:47 Atheism
37:49 Conscription
39:02 Scale Mail Armor
38:59 Pikeman
39:39 Squires
39:36 Halberdier
41:23 Chain Mail Armor
しこっぴ
0:39 Loom
Connection lost

Rejoining the realm…

Still unreachable

The connection could not be restored.

Session expired

The server has moved on; the page needs a fresh start.